 Dungeon Crawl Stone Soup version 0.23.0 (webtiles) character file.

Game seed: 6021628800762781964

145 Vesto the Skirmisher (level 5, -1/47 HPs)
             Began as a Minotaur Fighter on Feb 9, 2019.
             Slain by a hound (5 damage)
             ... on level 4 of the Dungeon.
             The game lasted 00:01:03 (405 turns).

Vesto the Skirmisher (Minotaur Fighter)              Turns: 405, Time: 00:01:04

Health: -1/47      AC:  7    Str: 27    XL:     5   Next: 6%
Magic:  4/4        EV:  8    Int: 10    God:
Gold:   13         SH: 10    Dex:  9    Spells: 4/4 levels left

rFire    . . .     SeeInvis .   a - +0 flail
rCold    . . .     Gourm    .   c - +0 shield
rNeg     . . .     Faith    .   b - +0 scale mail
rPois    .         Spirit   .   (helmet restricted)
rElec    .         Reflect  .   (no cloak)
rCorr    .         Harm     .   (no gloves)
MR       .....                  (no boots)
Stlth    ..........             (no amulet)
HPRegen  0.15/turn              (no ring)
MPRegen  0.09/turn              (no ring)

@: mighty, brilliant, very slightly contaminated, invisible
A: retaliatory headbutt, horns 2
a: no special abilities


You were on level 4 of the Dungeon.
You were not hungry.

You visited 1 branch of the dungeon, and saw 4 of its levels.

You collected 13 gold pieces.

Inventory:

Hand Weapons
 a - a +0 flail (weapon)
Armour
 b - a +0 scale mail (worn)
 c - a +0 shield (worn)
Scrolls
 e - 2 scrolls of identify {unknown}
 i - 3 scrolls of blinking {unknown}
 j - a scroll of teleportation {unknown}
 l - a scroll of amnesia {unknown}
Comestibles
 f - 2 rations
 k - 2 chunks of flesh


   Skills:
 * Level 4.7 Fighting
 * Level 3.9 Maces & Flails
 + Level 1.3 Throwing
 + Level 4.1 Armour
 + Level 1.6 Dodging
 - Level 4.0 Shields


You had 4 spell levels left.
You didn't know any spells.
Your spell library was empty.

Dungeon Overview and Level Annotations

Branches:
Dungeon (4/15)
 Temple: D:4-7

Altars:
Gozag

Annotations:
D:4 Sigmund


Innate Abilities, Weirdness & Mutations

You reflexively headbutt those who attack you in melee.
You have a pair of horns on your head.


Message History

The magic dart hits the ogre!
The phantom hits you!
* * * LOW HITPOINT WARNING * * *
You closely miss the phantom.
The phantom is lightly damaged.
The ogre shouts!
You hear a bark!
You block the phantom's attack.
You hear a shout!
You miss the phantom.
The phantom is lightly damaged.
The phantom barely misses you.
You thump the phantom!
The phantom is heavily damaged.
The phantom hits you.
* * * LOW HITPOINT WARNING * * *
The phantom blinks!
You sock the ogre! You headbutt the ogre.
You kill the ogre!
You have reached level 5!
The hound bites you.
You die...

.. ≈≈≈ ... #_#.# # #.###..
##... 8.#.#.# .......#####.<##
....... ............... .....
#............## #####8.#
..............# #....#
..............####.####
.........†..{s##...#
.#...........oh@.#########
.##........).o##..W......#
..##.........###.........#
#..##............<.......#
##....####÷####..........#
..[......................#####
#....#<.#.#####.............#
..##...##.#####..>..........#
#....................[....#


You could see a phantom, a scorpion (wandering), a hound and 2 orcs.

Vanquished Creatures
  An ogre (D:4)
  A howler monkey (D:4)
  An iguana (D:4)
  2 adders
  A worm (D:4)
  A dart slug (D:3)
  A leopard gecko (D:4)
  3 orcs
  A giant cockroach (D:4)
  A frilled lizard (D:4)
  A kobold (D:1)
14 creatures vanquished.

Notes
Turn   | Place    | Note
-------+----------+-------------------------------------------
     0 | D:1      | Vesto the Minotaur Fighter began the quest for the Orb.
     0 | D:1      | Reached XP level 1. HP: 19/19 MP: 0/0
   217 | D:3      | Reached XP level 2. HP: 27/27 MP: 1/1
   349 | D:4      | Found an opulent altar of Gozag.
   362 | D:4      | Reached XP level 3. HP: 25/33 MP: 2/2
   386 | D:4      | Noticed an ogre
   386 | D:4      | Noticed Sigmund
   393 | D:4      | Reached skill level 1 in Throwing
   393 | D:4      | Reached skill level 1 in Dodging
   393 | D:4      | Reached XP level 4. HP: 16/41 MP: 3/3
   394 | D:4      | Noticed a phantom
   405 | D:4      | Killed an ogre
   405 | D:4      | Reached XP level 5. HP: 4/47 MP: 4/4
   405 | D:4      | Slain by a hound

Skill      XL: |  1  2  3  4 |
---------------+-------------+-----
Fighting       | 4 |  4.7
Maces & Flails | 3 |  3.9
Throwing       | 1 |  1.3
Dodging        | 1 |  1.6
Shields        | 4 |  4.0
Armour         | 4 |  4.1

Action                   |  1- 3 |  4- 6 || total
-------------------------+-------+-------++-------
Melee: Flail             |    45 |    11 ||    56
       Headbutt          |     7 |     2 ||     9
  Use: Potion            |     2 |     1 ||     3
Armor: Scale mail        |    16 |     3 ||    19
Dodge: Dodged            |    17 |     3 ||    20
Block: Shield            |    23 |     3 ||    26
